 Dungeon Crawl Stone Soup version 0.31.0-12-g77e489cdc1 (webtiles) character file.

Game seed: 5797102114055001263

270 cdecastro the Cudgeller (level 6, -1/48 HPs)
             Began as an Armataur Warper on Feb 28, 2024.
             Was an Initiate of Gozag.
             Succumbed to a scorpion's poison
             ... on level 5 of the Dungeon.
             The game lasted 00:04:20 (2207 turns).

cdecastro the Cudgeller (Armataur Warper)           Turns: 2207, Time: 00:04:20

Health: -1/48      AC:  8    Str: 25    XL:     6   Next: 1%
Magic:  8/8        EV:  5    Int: 13    God:    Gozag
Gold:   101        SH:  0    Dex:  9    Spells: 8/8 levels left

rFire   . . .        a - +0 mace
rCold   + . .        (no shield)
rNeg    . . .        r - +0 plate armour
rPois   .            (no helmet)
rElec   .            (no cloak)
rCorr   .            (no gloves)
SInv    .            (no barding)
Will    .....        (no amulet) Stlth
                     h - ring of protection from cold
HPRegen 0.28/turn    o - +6 ring of strength
MPRegen 0.11/turn

%: roll
@: lethally poisoned (-1 -> -13), attractive
A: large, deformed body, tough skin 3, armoured tail, roll 1
a: Renounce Religion, Potion Petition, Call Merchant, Bribe Branch


You were on level 5 of the Dungeon.
You worshipped Gozag.
Gozag was aware of your devotion.
You visited 2 branches of the dungeon, and saw 6 of its levels.

You collected 146 gold pieces.
You paid 45 gold pieces to Gozag.

Inventory:

Hand Weapons
 a - a +0 mace (weapon)
Missiles
 d - 7 darts of dispersal
Armour
 b - a +0 leather armour
 r - a +0 plate armour (worn)
Magical Staves
 u - a staff of alchemy
Jewellery
 h - a ring of protection from cold (left hand)
 o - a +6 ring of strength (right hand)
 v - a +6 ring of intelligence
Scrolls
 c - a scroll of blinking
 g - 2 scrolls of revelation {unknown}
 i - 2 scrolls of fog {unknown}
 l - a scroll of fear {unknown}
 m - 2 scrolls of noise {unknown}
 q - a scroll of identify {unknown}
 s - a scroll of enchant weapon {unknown}
 t - a scroll of butterflies {unknown}
 w - a scroll of vulnerability {unknown}
Potions
 f - a potion of enlightenment {unknown}
 j - a potion of lignification {unknown}
 k - a potion of might {unknown}
 n - a potion of haste {unknown}


   Skills:
 - Level 1.7 Fighting
 + Level 5.8 Maces & Flails
 - Level 0.8 Throwing
 - Level 1.2 Armour
 - Level 1.3 Dodging
 - Level 1.7 Spellcasting
 - Level 3.0 Translocations


You had 8 spell levels left.
You didn't know any spells.
Your spell library contained the following spells:

 Spells                   Type           Power      Damage    Failure   Level
 Blink                    Tloc           16%        N/A       91%         2
 Lesser Beckoning         Tloc           16%        N/A       91%         2
 Teleport Other           Tloc           8%         N/A       99%         3
 Call Imp                 Summ           2%         N/A       100%        2
 Sublimation of Blood     Necr           1%         N/A       100%        2
 Manifold Assault         Tloc           8%         N/A       100%        4
 Vhi's Electric Charge    Tloc/Air       10%        N/A       100%        4
 Summon Hydra             Summ           0%         N/A       100%        7


Dungeon Overview and Level Annotations

Branches:
Dungeon (6/15)             Temple (1/1) D:6

Altars:
Ashenzari
Cheibriados
Dithmenos
Fedhas
Gozag
Hepliaklqana
Kikubaaqudgha
Makhleb
Nemelex Xobeh
Okawaru
Qazlal
Ru
Trog
Uskayaw
Vehumet
Wu Jian
Xom
Zin
The Shining One

Shops:
D:2 (


Innate Abilities, Weirdness & Mutations

Armour fits poorly on your strangely shaped body.
You have extremely tough skin. (AC +3)
You have a long armoured tail.
You regenerate magic when rolling toward enemies. (Rampage MPRegen)


Message History

The scorpion is moderately wounded.
You feel sick.
The scorpion stings you but does no damage.
Unknown command.
You completely miss the scorpion.
The scorpion is moderately wounded.
You feel sick.
The scorpion stings you but does no damage.
Unknown command.
You closely miss the scorpion.
The scorpion is moderately wounded.
You feel sick. The scorpion barely misses you.
The scorpion stings you but does no damage.
Unknown command.
You barely miss the scorpion.
The scorpion is moderately wounded.
You feel sick.
The scorpion stings you but does no damage.
Unknown command.
You hit the scorpion but do no damage.
Your tail-slap misses the scorpion.
You punch the scorpion, but do no damage.
The scorpion is moderately wounded.
You feel sick. The scorpion barely misses you.
Unknown command.
You closely miss the scorpion.
The scorpion is moderately wounded.
You feel sick.
The scorpion stings you but does no damage. x2
Unknown command.
You hit the scorpion.
The scorpion is heavily wounded.
You feel sick. The scorpion stings you.
* * * LOW HITPOINT WARNING * * *
You are lethally poisoned!
The scorpion poisons you!
Unknown command.
It was a potion of attraction.
You feel attractive to monsters.
You die...
Your body crumbles into a pile of gold.

.......^...........#
######.#####......#
#..## ######## ##..#
##### ##.# #...# #.#
#...# #.###...#
#..##...######
##......@s(..#
###########.# .# O#
.. ##


You could see a scorpion.

Vanquished Creatures
  An ogre (D:5)
  A scorpion (D:6)
  A jelly (D:6)
  3 adders
  A shadow imp (D:3)
  A dart slug (D:1)
  4 ball pythons
  5 endoplasms
  A giant cockroach (D:2)
  8 hobgoblins
  9 jackals
  2 quokkas
  3 bats
  7 frilled lizards
  8 goblins
  4 kobolds
  4 rats
63 creatures vanquished.

Notes
Turn   | Place    | Note
-------+----------+-------------------------------------------
     0 | D:1      | cdecastro the Armataur Warper began the quest for the Orb.
     0 | D:1      | Reached XP level 1. HP: 17/17 MP: 3/3
    26 | D:1      | Reached skill level 2 in Maces & Flails
   130 | D:1      | Reached XP level 2. HP: 11/24 MP: 4/4
   292 | D:1      | Found a faded altar of an unknown god.
   335 | D:1      | Reached skill level 3 in Maces & Flails
   501 | D:1      | Reached XP level 3. HP: 25/29 MP: 5/5
   837 | D:2      | Found Oloack's Weapon Emporium.
  1201 | D:2      | Reached XP level 4. HP: 34/36 MP: 6/6
  1313 | D:2      | Reached skill level 4 in Maces & Flails
  1878 | D:3      | You fall into a shaft and drop 3 floors!
  1878 | D:6      | Found a staircase to the Ecumenical Temple.
  1893 | Temple   | Entered the Ecumenical Temple
  1897 | Temple   | Became a worshipper of Gozag Ym Sagoz the Greedy
  1920 | D:6      | Noticed a scorpion
  1941 | D:6      | Killed a scorpion
  1942 | D:6      | Reached skill level 5 in Maces & Flails
  1942 | D:6      | Reached XP level 5. HP: 29/41 MP: 7/7
  2025 | D:5      | Entered Level 5 of the Dungeon
  2074 | D:5      | Noticed an ogre
  2087 | D:5      | Killed an ogre
  2088 | D:5      | Reached XP level 6. HP: 6/48 MP: 8/8
  2206 | D:5      | HP: 2/48 [scorpion (2)]
  2207 | D:5      | Succumbed to a scorpion's poison

Illustrated notes

Levels and vault maps discovered:
D:1:      dpeg_arrival_brainrot, layout_rooms, chequers_ecumenical_altar_simple
D:2:      layout_basic, serial_shops, nicolae_shop_bloodbath_and_beyond,
          kennysheep_cross_room, chequers_serial_rivers_small_3,
          chequers_serial_rivers_large_b
D:3:      layout_basic, skrybe_limestone_x, hangedman_decor_push, uniq_terence
D:5:      layout_basic, nicolae_eternal_life
D:6:      layout_basic, minmay_temple_entry_water_ring
Temple:   nicolae_temple_bog_church

Skill      XL: |  1  2  3  4 |
---------------+-------------+-----
Maces & Flails | 2 3 5 |  5.8
Fighting       | |  1.7
Throwing       | |  0.8
Armour         | |  1.2
Dodging        | |  1.3
Spellcasting   | |  1.7
Translocations | |  3.0

Action                     |  1- 3 |  4- 6 || total
---------------------------+-------+-------++-------
  Melee: Mace              |   125 |    58 ||   183
         Tailslap          |    11 |     9 ||    20
         Punch             |       |     2 ||     2
  Throw: Dart              |       |     9 ||     9
    Use: Potion            |       |     1 ||     1
 Armour: Leather armour    |   111 |     2 ||   113
         Plate armour      |       |    50 ||    50
  Dodge: Dodged            |    81 |    11 ||    92
